Unix NetHack Version 5.0.0-0 post-release - last build May 31 2026 23:59:36 (970b52f25bf058293b47ddfd14a1e40e571c508c,branch:main).

Game began 2026-06-02 10:40:55, ended 2026-06-03 04:35:17.

Kumikeijo, lawful female dwarven Valkyrie

          ----------
          |........|                                           ----------
          |........-################                           |.C......|
          |.......<|               ############################-..@^....|
          |........+             -------------                 |..f))[f.|
          |........|             +C.........C-#               #...%.....|
          ----------             |.....C.....|#               #----------
                          #######-...-----...|#               #
                      #####      |...|.{.|...|#####      ######
                      #          |..C|{.{|C..|    #------#
                     ##          |...|.{.....|    #.....|#
                 #####           |...-----...|     |.....######
       ------    #               |.....C.....|     |....|     ##
       |....|####`               |C.........C|     ------      #
       |.....######              -------------#####            #----------
       |....|     ##############%##############   ##############-.^......|
       |....|                                                   |........|
       ------                                                   ----------

Kumikeijo the Fighter       St:18/02 Dx:13 Co:16 In:8 Wi:10 Ch:10  Lawful
Dlvl:6  $:512 HP:0(66) Pw:10(10) AC:3  Xp:7 T:4272 

Latest messages:
 You climb up the stairs.
 Something is written here in the dust.
 You read: " l|? ? r".
 The kitten misses the kitten.
 The ape just misses!
 The ape misses!
 The ape misses!
 You hit the ape!
 The kitten misses the ape.
 The ape hits!
 The ape hits again!
 The ape bites!
 The kitten misses the ape.
 You kill the ape!
 Welcome to experience level 7.
 You feel quick!
 Your kitten eats an ape corpse.
 The plains centaur shoots a crossbow bolt!
 You are hit by a crossbow bolt!
 Something is written here in the dust.
 You read: "E?  ?e?n".
 The plains centaur swings her crossbow.
 The plains centaur misses!
 The plains centaur kicks!
 The plains centaur swings her crossbow.
 The plains centaur hits!
 The plains centaur kicks!
 You hit the plains centaur!
 The plains centaur swings her crossbow.
 The plains centaur hits!
 The plains centaur kicks!
 The plains centaur swings her crossbow.
 The plains centaur misses!
 The plains centaur kicks!
 You hit the plains centaur!
 The plains centaur swings her crossbow.
 The plains centaur hits!
 The plains centaur kicks!
 You miss the plains centaur.
 The plains centaur swings her crossbow.
 The plains centaur hits!
 The plains centaur kicks!
 The plains centaur swings her crossbow.
 The plains centaur hits!
 You die...
 Do you want your possessions identified? [ynq] (y) y
 Do you want to see your attributes? [ynq] (y) y
 Do you want an account of creatures vanquished? [ynaq] (y) y
 Do you want to see your conduct and achievements? [ynq] (y) y
 Do you want to see the dungeon overview? [ynq] (y) y

Inventory:
 Coins    ('$')
  $ - 512 gold pieces
 Amulets  ('"')
  T - an uncursed amulet of magical breathing
 Weapons  (')')
  r - 13 +0 elven arrows
  X - a +0 elven bow
  Y - 7 +0 darts
  b - a +0 dagger (alternate weapon; not wielded)
  a - a +1 dwarvish spear (weapon in right hand)
  w - 2 +0 elven daggers (at the ready)
  k - a +2 orcish dagger
  m - a +0 orcish dagger
 Armor    ('[')
  t - an uncursed +0 elven leather helm
  G - an uncursed +1 orcish helm (being worn)
  P - an uncursed +0 orcish helm
  I - an uncursed +0 elven shield
  c - an uncursed +3 small shield (being worn)
  e - a blessed +0 leather cloak (being worn)
 Comestibles  ('%')
  S - an uncursed slime mold
  K - 2 uncursed carrots
  O - an uncursed cream pie
  d - an uncursed food ration
  j - an uncursed melon
  f - an uncursed pancake
  s - an uncursed lichen corpse
 Scrolls  ('?')
  A - an uncursed scroll of blank paper
  V - a cursed scroll of blank paper
  o - an uncursed scroll of confuse monster
  H - an uncursed scroll of food detection
  L - a blessed scroll of identify
  R - an uncursed scroll of magic mapping
  q - 2 uncursed scrolls of remove curse
  D - a cursed scroll of scare monster
 Spellbooks  ('+')
  g - an uncursed spellbook of detect monsters
  l - an uncursed spellbook of detect unseen
  J - an uncursed spellbook of knock
 Potions  ('!')
  x - an uncursed potion of confusion
  E - an uncursed potion of extra healing
  h - 2 blessed potions of healing
  p - 4 uncursed potions of healing
  i - 2 cursed potions of healing
  n - an uncursed potion of oil
  C - an uncursed potion of sleeping
  F - a blessed potion of speed
  v - an uncursed potion of speed
  Q - an uncursed potion of water
 Rings    ('=')
  B - a cursed ring of warning
 Wands    ('/')
  z - a wand of secret door detection (0:13)
 Tools    ('(')
  N - an uncursed mirror
 Gems/Stones  ('*')
  y - an uncursed worthless piece of orange glass
  u - an uncursed worthless piece of white glass
  M - an uncursed worthless piece of yellow glass

Kumikeijo the Valkyrie's attributes:

Background:
 You were a Fighter, a level 7 dwarven Valkyrie.
 You were lawful, nominally on a mission for Tyr
 who was opposed by Odin (neutral) and Loki (chaotic).
 You were right-handed.
 You were in the Dungeons of Doom, on level 6.
 You entered the dungeon 4272 turns ago.
 It was nighttime.
 You had 654 experience points, 626 more were needed to attain level 8.

Basics:
 You had 0 out of 66 hit points.
 You had all 10 energy points (spell power).
 Your armor class was 3.
 Your wallet contained 512 zorkmids.
 Autopickup was off.

Final Characteristics:
 Your strength was 18/02 (limit:18/100).
 Your dexterity was 13 (limit:20).
 Your constitution was 16 (limit:20).
 Your intelligence was 8 (limit:16).
 Your wisdom was 10 (limit:16).
 Your charisma was 10 (limit:16).

Final Status:
 You weren't hungry.
 You were unencumbered.
 You were wielding a spear.
 You were skilled in spear.

Final Attributes:
 You were piously aligned.
 You were cold resistant.
 You were poison resistant.
 You had infravision.
 You were stealthy.
 You were warded.
 You were fast.
 You are dead.

Miscellaneous:
 You didn't encounter any bones levels.
 Total elapsed playing time was 37 minutes and 28 seconds.

Major events:
 Turn
    1: Kumikeijo the lawful dwarven Valkyrie entered the dungeon
 1030: entered the Gnomish Mines
 1376: attained the rank of Skirmisher (level 3)
 2942: consulted the Oracle
 3005: attained the rank of Fighter (level 6)
 3272: entered Sokoban
 4272: killed by a plains centaur

You didn't know any spells.

Skills:
 Fighting Skills
   bare handed combat [Unskilled]
   two weapon combat  [Unskilled]
   riding             [Unskilled]
 Weapon Skills
   dagger             [Basic]
   axe                [Unskilled]
   pick-axe           [Unskilled]
   short sword        [Unskilled]
   broadsword         [Unskilled]
   long sword         [Unskilled]
   two-handed sword   [Unskilled]
   saber              [Unskilled]
   hammer             [Unskilled]
   quarterstaff       [Unskilled]
   polearms           [Unskilled]
   spear              [Skilled]
   trident            [Unskilled]
   lance              [Unskilled]
   sling              [Unskilled]
 Spellcasting Skills
   attack spells      [Unskilled]
   escape spells      [Unskilled]

Voluntary challenges:
 Character rerolling was not enabled.
 You were an atheist.
 You never genocided any monsters.
 You never polymorphed an object.
 You never changed form.
 You used no wishes.
 You did not violate any of the special Sokoban rules.
Achievements:
 You entered a shop.
 You entered the Gnomish Mines.
 You attained the rank of Skirmisher.
 You consulted the Oracle of Delphi.
 You attained the rank of Fighter.
 You entered Sokoban.

 The Dungeons of Doom: levels 1 to 8
    Level 1: "vault"
    Level 2:
       A general store, a grave.
    Level 3:
       A general store, some fountains.
       Stairs down to The Gnomish Mines.
    Level 4:
    Level 5:
    Level 6: <- You were here.
       Many fountains.
       Oracle of Delphi.
       Final resting place for
          you, killed by a plains centaur.
    Level 7:
       A fountain.
       Stairs up to Sokoban, level 6.
    Level 8:
 The Gnomish Mines:
    Level 4:
 Sokoban:
    Level 6:
       Unsolved.


Vanquished creatures:
  a small mimic
  3 leprechauns
 an iron piercer
  4 apes
  4 Woodland-elves
  a mountain nymph
  a rock piercer
  2 ponies
  a fog cloud
  3 shriekers
  a gnomish wizard
  a gray ooze
 an elf zombie
  a ghoul
  a straw golem
  a paper golem
  a floating eye
  2 homunculi
  a hill orc
  a rabid rat
  a monkey
  4 dwarf zombies
 an iguana
  a gas spore
  a hobbit
  3 giant rats
  2 brown molds
  5 geckos
  4 jackals
  a fox
  3 goblins
  3 sewer rats
  8 grid bugs
  3 bats
  a lichen
  a kobold zombie
  7 newts
81 creatures vanquished.

No species were genocided or became extinct.

Game over:
                       ----------
                      /          \
                     /    REST    \
                    /      IN      \
                   /     PEACE      \
                  /                  \
                  |    Kumikeijo     |
                  |      512 Au      |
                  |   killed by a    |
                  |  plains centaur  |
                  |                  |
                  |                  |
                  |       2026       |
                 *|     *  *  *      | *
        _________)/\\_//(\/(/\)/\//\/|_)_______

Farvel Kumikeijo the Valkyrie...

You died in The Dungeons of Doom on dungeon level 6 with 3438 points,
and 512 pieces of gold, after 4272 moves.
You were level 7 with a maximum of 66 hit points when you died.

